 Dungeon Crawl Stone Soup version 0.17.2-1-ge4368a0 (webtiles) character file.

110 Goblin1989 the Insei (level 4, -4/35 HPs)
             Began as a Demonspawn Monk on Oct 24, 2016.
             Slain by an ogre
             ... wielding a +0 giant club
              (21 damage)
             ... on level 4 of the Dungeon.
             The game lasted 00:07:43 (3030 turns).

Goblin1989 the Insei (Demonspawn Monk)              Turns: 3030, Time: 00:07:43

Health: -4/35      AC: 11    Str: 13    XL:     4   Next: 61%
Magic:  0/13       EV: 10    Int: 11    God:
Gold:   67         SH:  0    Dex: 15    Spells: 0 memorised, 3 levels left

rFire  . . .     SeeInvis .       - Unarmed
rCold  . . .     Clarity  .     s - +1 scale mail
rNeg   . . .     SustAt   .     (no shield)
rPois  .         Gourm    .     (no helmet)
rElec  .         Spirit   +     q - +0 cloak
rCorr  .         Warding  .     a - +1 pair of gloves
rMut   .         Stasis   .     r - +0 pair of boots
MR     .....                    (no amulet)
Stlth  +.........               v - ring of magical power
                                e - ring of wizardry

@: not resistant to hostile enchantments, very unstealthy
A: claws 2, magic shield
a: no special abilities


You were on level 4 of the Dungeon.
You were not hungry.

You visited 1 branch of the dungeon, and saw 4 of its levels.

You collected 67 gold pieces.

Inventory:

Missiles
 m - 8 javelins of returning (quivered)
 Z - a throwing net {=f, !d}
Armour
 a - a +1 pair of gloves (worn)
 q - a +0 cloak (worn)
 r - a +0 pair of boots (worn)
 s - a +1 scale mail (worn)
Jewellery
 e - a ring of wizardry (left hand)
 l - an uncursed ring of flight
 v - a ring of magical power (right hand)
Wands
 E - a wand of enslavement (8)
Scrolls
 R - a scroll of identify {@r1}
Potions
 f - a potion of brilliance
 j - 2 potions of heal wounds {!q, @q2}
 k - a potion of might
 o - a potion of flight
 p - a potion of cancellation
Comestibles
 b - 2 bread rations {@e1}
 h - 4 meat rations {@e2}
 n - 2 royal jellies
 t - a slice of pizza
 w - a chunk of flesh {@w0}


   Skills:
 - Level 3.0 Fighting
 - Level 2.6 Dodging
 - Level 1.7 Stealth
 + Level 5.5 Unarmed Combat


You had 3 spell levels left.
You didn't know any spells.

Dungeon Overview and Level Annotations

Branches:
Dungeon (4/15)
 Temple: D:4-7

Altars:
Cheibriados
Fedhas
Okawaru
Qazlal
Ru
Vehumet

Annotations:
D:2 Sigmund


Innate Abilities, Weirdness & Mutations

You have very sharp fingernails.
When hurt, damage is shared between your health and your magic reserves.


Message History

You are too injured to fight recklessly!
You are too injured to fight recklessly!
You are too injured to fight recklessly!
You are too injured to fight recklessly!
You are too injured to fight recklessly!
You are too injured to fight recklessly!
You are too injured to fight recklessly!
You are too injured to fight recklessly!
You are too injured to fight recklessly!
You are too injured to fight recklessly!
You are too injured to fight recklessly!
You are too injured to fight recklessly!
You are too injured to fight recklessly!
You punch the ogre!
The ogre is almost dead.
You hit the ogre but do no damage.
The ogre is almost dead.
The ogre hits you with a giant club!!
Ouch! That really hurt!
You die...

....... ≈.██
....... ≈≈P
....... ≈≈ .
.......█♣.████..
...............█
...............█
......O........█
█@.......█
█........█
█...(....█
...!....[█
██.......██


█████████ You could see an ogre.

Vanquished Creatures
  4 gnolls (D:2)
  An adder (D:2)
  An ooze (D:1)
  2 worms (D:2)
  A giant gecko (D:1)
  8 bats
  2 giant cockroaches
  8 goblins
  6 hobgoblins
  4 jackals (D:2)
  6 giant newts
  6 kobolds
  5 rats
54 creatures vanquished.

Notes
Turn   | Place    | Note
--------------------------------------------------------------
     0 | D:1      | Goblin1989 the Demonspawn Monk began the quest for the Orb.
     0 | D:1      | Reached XP level 1. HP: 18/18 MP: 1/1
   327 | D:1      | Reached skill level 4 in Unarmed Combat
   372 | D:1      | Gained mutation: When hurt, damage is shared between your health and your magic reserves. [demonic ancestry]
   372 | D:1      | Reached XP level 2. HP: 21/24 MP: 2/2
  1335 | D:2      | Gained mutation: You have sharp fingernails. [demonic ancestry]
  1335 | D:2      | Reached XP level 3. HP: 24/29 MP: 3/3
  1588 | D:2      | Found a sacrificial altar of Ru.
  1590 | D:2      | Found a stormy altar of Qazlal.
  1872 | D:3      | Found an iron altar of Okawaru.
  2024 | D:3      | Found a snail-covered altar of Cheibriados.
  2231 | D:2      | Found a blossoming altar of Fedhas.
  2231 | D:2      | Found a radiant altar of Vehumet.
  2298 | D:2      | Reached skill level 5 in Unarmed Combat
  2311 | D:2      | Gained mutation: You have very sharp fingernails. [demonic ancestry]
  2311 | D:2      | Reached XP level 4. HP: 27/35 MP: 2/4
  2914 | D:2      | Noticed Sigmund
  3021 | D:4      | Noticed an ogre
  3030 | D:4      | Slain by an ogre

Action                   |  1- 3 |  4- 6 || total
-------------------------+-------+-------++-------
Melee: Unarmed           |   132 |    52 ||   184
  Use: Scroll            |       |     9 ||     9
 Stab: Sleeping          |     8 |       ||     8
  Eat: Bread ration      |     1 |       ||     1
       Chunk             |       |     2 ||     2

Vault maps used:
D:1:      lightli_arrival_isolated_outpost
D:2:      nicolae_overflow_hidden_temple, ecumenical_altar_1, uniq_sigmund
D:3:      lemuel_doored_altar, okawaru_gym_becter, amethyst_killhole
D:4:      kennysheep_mini_moat, portal_sewer_entry_c, serial_bayou_pond_d,
          hangedman_abyss_or_decor_stagger, st_stairs_8, uniq_eustachio
